3AAA
HIALEAH DODOS @ SCRANTON SUPERNOVAS
08/08/2024
 
TOP OF THE 1ST
Hialeah Dodos batting - Pitching for Scranton Supernovas : RHP Victor Brey
Pitching: RHP Victor Brey
Batting: RHB Aurelio Álvarez 0-0: Ball
1-0: Ball
2-0: Ball
3-0: Base on Balls
Batting: SHB Vincente Ybarra 0-0: Swinging Strike
0-1: Foul Ball, location: 2F
0-2: Ball
1-2: Strikes out looking
Aurelio Álvarez steals 2nd base
Batter strikes out.
Batting: LHB Álex Burgos 0-0: Ball
1-0: Ball
2-0: Foul Ball, location: 2F
2-1: Fly out, F7 (Flyball, 7D)
Batting: LHB Jeff Rutherford 0-0: Called Strike
0-1: Fly out, F7 (Flyball, 7M)
Top of the 1st over - 0 run(s), 0 hit(s), 0 error(s), 1 left on base; Hialeah 0 - Scranton 0
BOTTOM OF THE 1ST
Scranton Supernovas batting - Pitching for Hialeah Dodos : LHP Jim Unknown
Pitching: LHP Jim Unknown
Batting: RHB Keith MacKey 0-0: Ball
1-0: Ball
2-0: Called Strike
2-1: Ball
3-1: Base on Balls
Batting: SHB Alonso Solís 0-0: Called Strike
Keith MacKey is caught stealing 2nd base
0-1: Ball
1-1: Ball
2-1: Ball
3-1: Swinging Strike
3-2: Base on Balls
Batting: RHB Ethan Stanford 0-0: Called Strike
0-1: Fielders Choice at 2nd, 1-4 (Groundball, 13)
Batting: RHB Martín Álvarez 0-0: Ball
1-0: Ball
2-0: Fly out, F8 (Line Drive, 8LM)
Bottom of the 1st over - 0 run(s), 0 hit(s), 0 error(s), 1 left on base; Hialeah 0 - Scranton 0
TOP OF THE 2ND
Hialeah Dodos batting - Pitching for Scranton Supernovas : RHP Victor Brey
Batting: LHB Raúl Aguirre 0-0: Called Strike
0-1: Ball
1-1: Foul Ball, location: 2F
1-2: Strikes out swinging
Batting: LHB Perry Bothof 0-0: Ball
1-0: Ball
2-0: Ball
3-0: Called Strike
3-1: Base on Balls
Batting: RHB Vincente Rotham 0-0: Ball
1-0: Ball
2-0: Grounds into double play, 4-6-3 (Groundball, 4)
Top of the 2nd over - 0 run(s), 0 hit(s), 0 error(s), 0 left on base; Hialeah 0 - Scranton 0
BOTTOM OF THE 2ND
Scranton Supernovas batting - Pitching for Hialeah Dodos : LHP Jim Unknown
Batting: RHB Henrique Shearman 0-0: SOLO HOME RUN (Flyball, 7D), Distance : 399 ft
Batting: LHB Neal Hart 0-0: Ball
1-0: Swinging Strike
1-1: DOUBLE (Line Drive, 6D)
Batting: LHB Pedro López 0-0: Called Strike
0-1: Ball
1-1: Fly out, F6 (Line Drive, 6)
Batting: LHB Mark Evans 0-0: SINGLE (Flyball, 7S)
Neal Hart to third
Batting: RHB Chris Henderson 0-0: Ball
1-0: Ball
2-0: Called Strike
2-1: Swinging Strike
2-2: Ball
3-2: Strikes out looking
Batting: RHB Keith MacKey 0-0: Ball
1-0: Called Strike
1-1: Swinging Strike
1-2: Ground out 4-3 (Groundball, 4S)
Bottom of the 2nd over - 1 run(s), 3 hit(s), 0 error(s), 2 left on base; Hialeah 0 - Scranton 1
TOP OF THE 3RD
Hialeah Dodos batting - Pitching for Scranton Supernovas : RHP Victor Brey
Batting: RHB Pedro Longoria 0-0: Ball
1-0: Foul Ball, location: 2F
1-1: Foul Ball, location: 2F
1-2: Strikes out swinging
Batting: RHB Javier Santos 0-0: Ball
1-0: Called Strike
1-1: Ground out 1-3 (Groundball, 23)
Batting: RHB Aurelio Álvarez 0-0: Foul Ball, location: 2F
0-1: Foul Ball, location: 2F
0-2: Ball
1-2: Foul Ball, location: 2F
1-2: Ball
2-2: Ball
3-2: DOUBLE (Line Drive, 9LS)
Batting: SHB Vincente Ybarra 0-0: Fly out, F7 (Flyball, 7M)
Top of the 3rd over - 0 run(s), 1 hit(s), 0 error(s), 1 left on base; Hialeah 0 - Scranton 1
BOTTOM OF THE 3RD
Scranton Supernovas batting - Pitching for Hialeah Dodos : LHP Jim Unknown
Batting: SHB Alonso Solís 0-0: Ball
1-0: SINGLE (Groundball, 4M)
Batting: RHB Ethan Stanford 0-0: Ball
1-0: Ball
2-0: Ball
3-0: Base on Balls
Alonso Solís to second
Batting: RHB Martín Álvarez 0-0: Called Strike
0-1: Ball
1-1: Fielders Choice at 2nd, 1-4 (Groundball, 15S)
Alonso Solís to third
Batting: RHB Henrique Shearman 0-0: Ball
1-0: Foul Ball, location: 2F
1-1: Foul Ball, location: 2F
1-2: Foul Ball, location: 2F
1-2: Strikes out looking
Batting: LHB Neal Hart 0-0: SINGLE (Line Drive, 7S)
Alonso Solís scores
Martín Álvarez to second
Batting: LHB Pedro López 0-0: Ball
1-0: Ball
2-0: Foul Ball, location: 2F
2-1: Ball
3-1: Base on Balls
Martín Álvarez to third
Neal Hart to second
Batting: LHB Mark Evans 0-0: Ball
1-0: Ball
2-0: Fly out, F8 (Flyball, 8RM)
Bottom of the 3rd over - 1 run(s), 2 hit(s), 0 error(s), 3 left on base; Hialeah 0 - Scranton 2
TOP OF THE 4TH
Hialeah Dodos batting - Pitching for Scranton Supernovas : RHP Victor Brey
Batting: LHB Álex Burgos 0-0: Called Strike
0-1: Foul Ball, location: 2F
0-2: Ball
1-2: Ball
2-2: Foul Ball, location: 2F
2-2: Fly out, F5 (Popup, 5F)
Batting: LHB Jeff Rutherford 0-0: Swinging Strike
0-1: Foul Ball, location: 2F
0-2: Ball
1-2: Ball
2-2: Foul Ball, location: 2F
2-2: Ball
3-2: Base on Balls
Batting: LHB Raúl Aguirre 0-0: Ball
1-0: Called Strike
1-1: Ball
2-1: SINGLE (Line Drive, 89S)
Jeff Rutherford to second
Runner from 2nd tries for 3rd, OUT!
Raúl Aguirre to second
Batting: LHB Perry Bothof 0-0: Ball
1-0: Foul Ball, location: 2F
1-1: Ground out 6-3 (Groundball, 6M)
Top of the 4th over - 0 run(s), 1 hit(s), 0 error(s), 1 left on base; Hialeah 0 - Scranton 2
BOTTOM OF THE 4TH
Scranton Supernovas batting - Pitching for Hialeah Dodos : LHP Jim Unknown
Batting: RHB Chris Henderson 0-0: Ground out 6-3 (Groundball, 6)
Batting: RHB Keith MacKey 0-0: Ball
1-0: Called Strike
1-1: Ball
2-1: Foul Ball, location: 2F
2-2: SINGLE (Line Drive, 8RS)
Batting: SHB Alonso Solís 0-0: Ball
1-0: Ball
Keith MacKey is caught stealing 2nd base
2-0: Called Strike
2-1: Fly out, F9 (Flyball, 9M)
Bottom of the 4th over - 0 run(s), 1 hit(s), 0 error(s), 0 left on base; Hialeah 0 - Scranton 2
TOP OF THE 5TH
Hialeah Dodos batting - Pitching for Scranton Supernovas : RHP Victor Brey
Batting: RHB Vincente Rotham 0-0: Ground out 6-3 (Groundball, 6M)
Batting: RHB Pedro Longoria 0-0: Ball
1-0: Called Strike
1-1: Ball
2-1: Ball
3-1: Swinging Strike
3-2: Foul Ball, location: 2F
3-2: Base on Balls
Batting: RHB Javier Santos 0-0: Ball
1-0: Ball
2-0: Ball
3-0: Called Strike
3-1: Foul Ball, location: 2F
3-2: SINGLE (Line Drive, 56D)
Pedro Longoria to second
Pedro Longoria to third
Batting: RHB Aurelio Álvarez 0-0: Ball
Wild Pitch!
Pedro Longoria scores
Javier Santos to second
1-0: Fly out, F4 (Line Drive, 4)
Batting: SHB Vincente Ybarra 0-0: Foul Ball, location: 2F
0-1: Ball
1-1: Called Strike
1-2: Ball
2-2: Ball
3-2: Strikes out swinging
Top of the 5th over - 1 run(s), 1 hit(s), 0 error(s), 1 left on base; Hialeah 1 - Scranton 2
BOTTOM OF THE 5TH
Scranton Supernovas batting - Pitching for Hialeah Dodos : LHP Jim Unknown
Batting: RHB Ethan Stanford 0-0: Called Strike
0-1: Ball
1-1: Ball
2-1: Foul Ball, location: 2F
2-2: Foul Ball, location: 2F
2-2: Foul Ball, location: 2F
2-2: Fly out, F6 (Popup, 56D)
Batting: RHB Martín Álvarez 0-0: Ball
1-0: Foul Ball, location: 2F
1-1: Ball
2-1: SINGLE (Line Drive, 9LS)
Batting: RHB Henrique Shearman 0-0: Called Strike
0-1: Called Strike
0-2: Fly out, F5 (Popup, 2L)
Batting: LHB Neal Hart 0-0: Ball
1-0: Fly out, F2 (Popup, 2R)
Bottom of the 5th over - 0 run(s), 1 hit(s), 0 error(s), 1 left on base; Hialeah 1 - Scranton 2
TOP OF THE 6TH
Hialeah Dodos batting - Pitching for Scranton Supernovas : RHP Victor Brey
Batting: LHB Álex Burgos 0-0: Ground out 4-3 (Groundball, 4S)
Batting: LHB Jeff Rutherford 0-0: Ground out 6-3 (Groundball, 6)
Batting: LHB Raúl Aguirre 0-0: Ball
1-0: Ball
2-0: Called Strike
2-1: Swinging Strike
2-2: Strikes out swinging
Top of the 6th over - 0 run(s), 0 hit(s), 0 error(s), 0 left on base; Hialeah 1 - Scranton 2
BOTTOM OF THE 6TH
Scranton Supernovas batting - Pitching for Hialeah Dodos : LHP Jim Unknown
Batting: LHB Pedro López 0-0: Ball
1-0: Ball
2-0: Ball
3-0: Called Strike
3-1: Foul Ball, location: 2F
3-2: Ground out 1-3 (Groundball, 13S)
Batting: LHB Mark Evans 0-0: Called Strike
0-1: Foul Ball, location: 2F
0-2: Foul Ball, location: 2F
0-2: Foul Ball, location: 2F
0-2: Ball
1-2: Foul Ball, location: 2F
1-2: Foul Ball, location: 2F
1-2: Strikes out swinging
Batting: RHB Chris Henderson 0-0: Ball
1-0: Foul Ball, location: 2F
1-1: Ball
2-1: Swinging Strike
2-2: Strikes out swinging
Bottom of the 6th over - 0 run(s), 0 hit(s), 0 error(s), 0 left on base; Hialeah 1 - Scranton 2
TOP OF THE 7TH
Hialeah Dodos batting - Pitching for Scranton Supernovas : RHP Victor Brey
Batting: LHB Perry Bothof 0-0: Foul Ball, location: 2F
0-1: Ball
1-1: Ground out 3-1 (Groundball, 3)
Batting: RHB Vincente Rotham 0-0: Called Strike
0-1: Ball
1-1: Ball
2-1: Swinging Strike
2-2: Ball
3-2: Foul Ball, location: 2F
3-2: Ground out 5-3 (Groundball, 5S)
Batting: RHB Pedro Longoria 0-0: Ball
1-0: Ball
2-0: Swinging Strike
2-1: Foul Ball, location: 2F
2-2: Foul Ball, location: 2F
2-2: Strikes out swinging
Top of the 7th over - 0 run(s), 0 hit(s), 0 error(s), 0 left on base; Hialeah 1 - Scranton 2
BOTTOM OF THE 7TH
Scranton Supernovas batting - Pitching for Hialeah Dodos : LHP Jim Unknown
Batting: RHB Keith MacKey 0-0: Called Strike
0-1: SINGLE (Groundball, 4D) (infield hit)
Batting: SHB Alonso Solís 0-0: Bunted foul
0-1: Called Strike
0-2: Ball
1-2: Ball
Keith MacKey steals 2nd base
2-2: Ball
3-2: Fly out, F7 (Flyball, 78XD)
Runner from 2nd tags up, SAFE at 3rd, no throw
Batting: RHB Ethan Stanford 0-0: Intentional Walk
Pitching: LHP Jim Unknown
Batting: RHB Martín Álvarez 0-0: Ball
1-0: 3-RUN HOME RUN (Flyball, 7D), Distance : 399 ft
Batting: RHB Henrique Shearman 0-0: Ball
1-0: Foul Ball, location: 2F
1-1: Ground out 3-1 (Groundball, 34)
Batting: LHB Neal Hart 0-0: Ball
1-0: Called Strike
1-1: Ball
2-1: Ground out 5-3 (Groundball, 5L)
Bottom of the 7th over - 3 run(s), 2 hit(s), 0 error(s), 0 left on base; Hialeah 1 - Scranton 5
TOP OF THE 8TH
Hialeah Dodos batting - Pitching for Scranton Supernovas : RHP Victor Brey
Batting: RHB Javier Santos 0-0: Ball
1-0: Called Strike
1-1: Foul Ball, location: 2F
1-2: Foul Ball, location: 2F
1-2: Ball
2-2: SINGLE (Line Drive, 6MD)
Pitching: RHP Bill Maddox
Batting: RHB Aurelio Álvarez 0-0: Ball
1-0: Fly out, F7 (Flyball, 78M)
Batting: SHB Vincente Ybarra 0-0: Ball
1-0: Grounds into double play, 6-4-3 (Groundball, 6M)
Top of the 8th over - 0 run(s), 1 hit(s), 0 error(s), 0 left on base; Hialeah 1 - Scranton 5
BOTTOM OF THE 8TH
Scranton Supernovas batting - Pitching for Hialeah Dodos : LHP Jim Unknown
Batting: LHB Pedro López 0-0: Swinging Strike
0-1: Ball
1-1: SOLO HOME RUN (Flyball, 9D), Distance : 406 ft
Batting: LHB Mark Evans 0-0: Called Strike
0-1: Ball
1-1: Called Strike
1-2: Foul Ball, location: 2F
1-2: Strikes out looking
Batting: RHB Chris Henderson 0-0: Ball
1-0: Swinging Strike
1-1: Ball
2-1: Ground out 6-3 (Groundball, 6M)
Batting: RHB Keith MacKey 0-0: Fly out, F9 (Flyball, 9M)
Bottom of the 8th over - 1 run(s), 1 hit(s), 0 error(s), 0 left on base; Hialeah 1 - Scranton 6
TOP OF THE 9TH
Hialeah Dodos batting - Pitching for Scranton Supernovas : RHP Bill Maddox
Now at C: Steven Johnson
Now at 2B: Neil Nash
Batting: LHB Álex Burgos 0-0: Ball
1-0: Ball
2-0: Called Strike
2-1: Ball
3-1: Base on Balls
Batting: LHB Jeff Rutherford 0-0: Ball
1-0: Ball
2-0: Ball
3-0: Called Strike
3-1: Base on Balls
Álex Burgos to second
Batting: LHB Raúl Aguirre 0-0: Called Strike
0-1: Foul Ball, location: 2F
0-2: Strikes out swinging
Batting: LHB Perry Bothof 0-0: Ball
1-0: DOUBLE (Line Drive, 3D)
Álex Burgos scores
Jeff Rutherford to third
Runner from 3rd tries for Home, SAFE, throw made at trailing runner, OUT at third!
Pitching: RHP Frank Bryant
Batting: RHB Vincente Rotham 0-0: Ball
1-0: Called Strike
1-1: Ground out 4-3 (Groundball, 4)
Top of the 9th over - 2 run(s), 1 hit(s), 0 error(s), 0 left on base; Hialeah 3 - Scranton 6
This league is powered by Out of the Park Baseball, the baseball management simulation game for PC, Mac and Linux
Monday, October 3rd, 2016 - OOTP Baseball 16.9 Build 39